General information
- name: BNet
- type: Ladder team game (AT/RT)
- host: Battle.net
- saver: avid.milk
map: Cherryville
- players: 8
- length: 13:17
- speed: Fast
- version: 1.26 W3XP
- replay type: Public
» download(58 KB)
Players
team 1 (winner)

»
avid.milk (
orange | 86 APM | 1150 actions | 13:17)
4 Shadow Hunter
2 Healing Wave
2 Hex
4 Priestess of the Moon
2 Trueshot Aura
2 Searing Arrows
3 Tauren Chieftain
2 Endurance Aura
1 War Stomp
4 Death Knight
2 Death Coil
2 Unholy Aura
» actions
| Assign group hotkey | 21 | |
| Basic commands | 97 | |
| Build / train | 113 | |
| ESC pressed | 2 | |
| Enter build submenu | 54 | |
| Enter hero's abilities submenu | 15 | |
| Remove unit from queue | 4 | |
| Right click | 265 | |
| Select / deselect | 235 | |
| Select group hotkey | 264 | |
| Use ability | 80 | |
1150 total
» units
| Peon | 13 | |
| Acolyte | 2 | |
| Wisp | 9 | |
| Ghoul | 2 | |
| Crypt Fiend | 12 | |
| Archer | 8 | |
| Grunt | 7 | |
| Troll Headhunter/Berserker | 7 | |
| Druid of the Talon | 2 | |
| Hippogryph | 5 | |
67 total
» upgrades
| Improved Bows | 1 | |
| Web | 1 | |
| Marksmanship | 1 | |
| Troll Regeneration | 1 | |
| Berserker Upgrade | 1 | |
| Reinforced Defenses | 1 | |
6 total
» buildings
| Altar of Storms | 2 | |
| Orc Burrow | 9 | |
| Crypt | 1 | |
| Ziggurat | 7 | |
| Altar of Elders | 1 | |
| Moon Well | 6 | |
| Graveyard | 1 | |
| Barracks | 4 | |
| Altar of Darkness | 1 | |
| Ancient of War | 4 | |
| Nerubian Tower | 1 | |
| War Mill | 2 | |
| Tree of Ages | 1 | |
| Stronghold | 4 | |
| Halls of the Dead | 1 | |
| Tree of Eternity | 1 | |
| Fortress | 5 | |
| Black Citadel | 3 | |
| Hunter's Hall | 1 | |
| Ancient of Wind | 2 | |
| Sacrificial Pit | 1 | |
| Slaughterhouse | 1 | |
| Tomb of Relics | 2 | |
| Spirit Lodge | 2 | |
63 total
» build order
00:16 Altar of Storms
00:19 Orc Burrow
00:24 Crypt
00:25 Ziggurat
00:30 Altar of Elders
00:32 Moon Well
00:36 Altar of Storms
00:38 Orc Burrow
00:51 Graveyard
01:06 Barracks
01:12 Altar of Darkness
01:19 Ancient of War
01:19 Ancient of War
01:26 Barracks
01:44 Ziggurat
01:47 Nerubian Tower
01:50 Ancient of War
01:59 Moon Well
02:04 Orc Burrow
02:06 Barracks
02:11 Barracks
02:14 War Mill
02:17 Orc Burrow
02:24 Ziggurat
02:41 Orc Burrow
02:54 Moon Well
03:53 Moon Well
04:01 Orc Burrow
04:23 Ziggurat
04:28 Tree of Ages
04:32 Stronghold
04:32 Stronghold
05:01 Stronghold
05:01 Stronghold
05:51 Halls of the Dead
07:15 Tree of Eternity
07:18 Moon Well
07:25 War Mill
08:13 Fortress
09:02 Black Citadel
09:02 Black Citadel
09:02 Black Citadel
09:06 Ziggurat
09:09 Hunter's Hall
09:11 Ancient of Wind
09:11 Ancient of Wind
10:09 Fortress
10:09 Fortress
10:51 Sacrificial Pit
10:53 Slaughterhouse
10:54 Tomb of Relics
11:28 Tomb of Relics
11:31 Ziggurat
11:31 Ziggurat
11:40 Spirit Lodge
11:41 Spirit Lodge
11:47 Orc Burrow
11:48 Orc Burrow
11:48 Orc Burrow
Eviceration (
blue | 38 APM | 4 actions | 00:06)
» actions
| Enter build submenu | 1 | |
| Right click | 1 | |
| Select / deselect | 2 | |
4 total

»
greeeen (
red | 12 APM | 2 actions | 00:09)
» actions
| Right click | 1 | |
| Select / deselect | 1 | |
2 total
team 2 (loser)
XoVaTi (
green | 44 APM | 580 actions | 13:15)
2 Dark Ranger
1 Black Arrow
1 Life Drain
1 Archmage
1 Brilliance Aura
» actions
| Assign group hotkey | 24 | |
| Build / train | 28 | |
| ESC pressed | 3 | |
| Enter build submenu | 16 | |
| Enter hero's abilities submenu | 3 | |
| Right click | 314 | |
| Select / deselect | 142 | |
| Select group hotkey | 18 | |
| Use ability | 32 | |
580 total
» units
| Acolyte | 2 | |
| Ghoul | 10 | |
| Frost Wyrm | 2 | |
14 total
» upgrades
» buildings
| Crypt | 2 | |
| Altar of Darkness | 1 | |
| Ziggurat | 5 | |
| Graveyard | 1 | |
| Halls of the Dead | 1 | |
| Tomb of Relics | 1 | |
| Black Citadel | 1 | |
| Sacrificial Pit | 1 | |
| Boneyard | 3 | |
| Spirit Tower | 3 | |
| Nerubian Tower | 1 | |
20 total
» build order
00:11 Crypt
00:16 Altar of Darkness
00:27 Ziggurat
01:47 Graveyard
01:59 Ziggurat
02:31 Crypt
03:49 Halls of the Dead
04:14 Tomb of Relics
04:46 Ziggurat
06:27 Black Citadel
07:19 Sacrificial Pit
08:50 Boneyard
08:53 Boneyard
09:19 Boneyard
09:21 Ziggurat
10:12 Ziggurat
11:07 Spirit Tower
11:27 Spirit Tower
11:39 Nerubian Tower
12:14 Spirit Tower
» items
| Scroll of Town Portal | 1 | |
| Rod of Necromancy | 1 | |
| Potion of Healing | 1 | |
3 total

»
iGeek3 (
pink | 38 APM | 497 actions | 13:06)
2 Blademaster
1 Wind Walk
1 Critical Strike
1 Shadow Hunter
1 Hex
1 Archmage
1 Brilliance Aura
1 Tauren Chieftain
1 War Stomp
» actions
| Build / train | 43 | |
| Enter build submenu | 22 | |
| Enter hero's abilities submenu | 5 | |
| Right click | 223 | |
| Select / deselect | 158 | |
| Use ability | 46 | |
497 total
» units
| Peon | 15 | |
| Wind Rider | 5 | |
| Footman | 2 | |
22 total
» upgrades
| Spiked Barricades | 1 | |
| Defend | 1 | |
| Ranged Weapons | 1 | |
| Armor | 1 | |
| Envenomed Spears | 1 | |
| Reinforced Defenses | 1 | |
6 total
» buildings
| Altar of Storms | 1 | |
| Orc Burrow | 5 | |
| Voodoo Lounge | 1 | |
| War Mill | 1 | |
| Watch Tower | 10 | |
| Stronghold | 1 | |
| Beastiary | 2 | |
| Keep | 1 | |
| Fortress | 1 | |
23 total
» build order
00:12 Altar of Storms
00:26 Orc Burrow
01:03 Voodoo Lounge
01:25 War Mill
02:49 Watch Tower
02:59 Watch Tower
03:13 Stronghold
03:51 Orc Burrow
03:56 Watch Tower
04:00 Watch Tower
04:57 Watch Tower
06:04 Beastiary
06:08 Beastiary
06:14 Orc Burrow
06:55 Watch Tower
06:57 Watch Tower
07:01 Watch Tower
08:14 Keep
08:23 Fortress
08:28 Orc Burrow
09:31 Orc Burrow
09:40 Watch Tower
10:27 Watch Tower
» items
| Lesser Clarity Potion | 2 | |
| Healing Salve | 2 | |
4 total

»
Repleo (
purple | 45 APM | 360 actions | 07:58)
1 Mountain King
1 Bash
» actions
| Assign group hotkey | 11 | |
| Basic commands | 12 | |
| Build / train | 23 | |
| ESC pressed | 1 | |
| Enter build submenu | 11 | |
| Enter hero's abilities submenu | 2 | |
| Right click | 168 | |
| Select / deselect | 91 | |
| Select group hotkey | 24 | |
| Use ability | 17 | |
360 total
» units
» upgrades
» buildings
| Farm | 6 | |
| Altar of Kings | 1 | |
| Barracks | 2 | |
| Lumber Mill | 1 | |
| Arcane Vault | 1 | |
| Keep | 2 | |
13 total
» build order
00:06 Farm
00:08 Altar of Kings
01:05 Farm
01:27 Barracks
01:30 Lumber Mill
02:35 Barracks
02:48 Arcane Vault
03:34 Farm
03:42 Farm
03:45 Farm
03:51 Keep
03:52 Keep
04:22 Farm
» items
| Scroll of Regeneration | 2 | |
| Lesser Clarity Potion | 1 | |
3 total

»
iquitwhnrushed (
teal | 43 APM | 347 actions | 08:04)
1 Archmage
1 Summon Water Elemental
» actions
| Build / train | 50 | |
| Enter build submenu | 14 | |
| Enter hero's abilities submenu | 1 | |
| Right click | 184 | |
| Select / deselect | 83 | |
| Use ability | 15 | |
347 total
» units
» upgrades
» buildings
| Farm | 7 | |
| Altar of Kings | 2 | |
| Barracks | 2 | |
| Blacksmith | 1 | |
| Lumber Mill | 1 | |
13 total
» build order
01:05 Farm
01:08 Farm
01:33 Altar of Kings
01:36 Altar of Kings
02:01 Barracks
02:12 Barracks
02:31 Blacksmith
02:47 Farm
02:51 Lumber Mill
03:29 Farm
04:19 Farm
04:56 Farm
06:14 Farm
Chat log
(00:11 / All) Repleo: interesting.
(00:23 / All) Repleo: i forgot this game had leaver problems
(00:35 / All) iquitwhnrushed: leave
(00:39 / All) Repleo: lol.
(00:45 / All) avid.milk: fuk u
(00:45 / All) avid.milk: afk
(00:46 / All) iGeek3: Eagles bitches
(00:53 / All) iquitwhnrushed: biitch
(00:58 / All) Repleo: honestly, go ahead and leave. this will be boring
(01:13 / All) Repleo: i hate uneven games as much as you hate them
(01:15 / All) iquitwhnrushed: we will rush
(06:57 / All) Repleo: wow this is pathetic
(07:01 / All) Repleo: team isnt helping
(07:03 / All) avid.milk: yea you guys blow
(07:04 / All) avid.milk: losing 1v4
(07:07 / All) avid.milk: and blame allies lamo
(07:26 / All) Repleo: how is blaming my allies not a viable thing to do?
(07:29 / All) avid.milk: oh no not my lumber at one base
(07:35 / All) Repleo: when you have 4 armies, only one teamate of my came to help
(11:03 / All) avid.milk: i have like 5000 gold unspent total on this team
(11:05 / All) avid.milk: u guys blow hard